 Dungeon Crawl Stone Soup version 0.26.1-11-gd32895ea62 (webtiles) character file.

Game seed: 7569118934206172024

46 Zeld the Twirler (level 3, 0/24 HPs)
             Began as an Octopode Gladiator on May 21, 2021.
             Was an Initiate of Okawaru.
             Slain by an adder (2 damage)
             ... on level 2 of the Dungeon.
             The game lasted 00:01:55 (889 turns).

Zeld the Twirler (Octopode Gladiator)                Turns: 889, Time: 00:01:55

Health: 0/24       AC:  1    Str: 14    XL:     3   Next: 66%
Magic:  3/3        EV: 14    Int: 10    God:    Okawaru [......]
Gold:   50         SH:  0    Dex: 13    Spells: 2/2 levels left

rFire    . . .     SeeInvis .   a - +0 quarterstaff
rCold    . . .     Faith    .   (shield currently unavailable)
rNeg     . . .     Spirit   .   b - +0 hat
rPois    .         Reflect  .   (no amulet)
rElec    .         Harm     .   (no ring)
rCorr    .         Rampage  .   (no ring)
Will     .....                  (no ring)
Stlth    ++........             (no ring)
HPRegen  0.08/turn              (no ring)
MPRegen  0.08/turn              (no ring)
                                (no ring)
                                (no ring)

@: no status effects
A: almost no armour, stealthy swim, amphibious, 8 rings, constrict 8, camouflage
1, gelatinous body 1
a: Renounce Religion


You were on level 2 of the Dungeon.
You worshipped Okawaru.
Okawaru was noncommittal.
You visited 1 branch of the dungeon, and saw 2 of its levels.

You collected 50 gold pieces.

Inventory:

Hand Weapons
 a - a +0 quarterstaff (weapon)
Missiles
 c - 3 throwing nets
 g - 11 poisoned darts (quivered)
Armour
 b - a +0 hat (worn)
Jewellery
 j - an uncursed ring of ice {unknown}
Scrolls
 f - a scroll of teleportation {unknown}
 h - 2 scrolls of identify {unknown}
 i - a scroll of remove curse {unknown}
 k - a scroll of fear {unknown}
 l - a scroll of blinking {unknown}
 m - a scroll of enchant armour {unknown}
Potions
 d - a potion of flight {unknown}
 e - a potion of lignification {unknown}


   Skills:
 - Level 2.0 Fighting
 * Level 4.5 Staves
 - Level 2.0 Throwing
 - Level 3.0 Dodging


You had 2 spell levels left.
You didn't know any spells.
Your spell library was empty.

Dungeon Overview and Level Annotations

Branches:
Dungeon (2/15)

Altars:
Makhleb
Okawaru
Vehumet


Innate Abilities, Weirdness & Mutations

You cannot wear most types of armour.
You are very stealthy in the water. (Stealth+)
You are amphibious.
You can wear up to eight rings at the same time.
You can use your tentacles to constrict eight enemies at once.
Your skin changes colour to match your surroundings (Stealth+).
Your rubbery body absorbs attacks. (AC +1, EV +1)


Message History

You are too injured to fight recklessly!
You are too injured to fight recklessly!
Unknown command.
You are too injured to fight recklessly!
You are too injured to fight recklessly!
The adder bites you. The adder bites you.
* * * LOW HITPOINT WARNING * * *
You completely miss the adder. Your grab misses the adder.
Your squeeze misses the adder. The adder bites you.
* * * LOW HITPOINT WARNING * * *
The adder misses you.
You closely miss the goblin. Your grab misses the goblin.
The goblin misses you.
Found a scroll labelled KYALORUO QATAPP.
There is a stone staircase leading up here.
The goblin hits you with a +0 club.
* * * LOW HITPOINT WARNING * * *
The adder bites you.
You die...

#...S.......#
##.##.##.##?##
#.....##.#
#........#
#..#####.#
#........####
.............#
#.#.##.....Sg.#
#. .##......@>#
.........).#
##.........#
........(..#
...#.......#
.######......
#.###.## #.# .#
... .#


You could see an adder and a goblin.

Vanquished Creatures
  An adder (D:2)
  A dart slug (D:1)
  A leopard gecko (D:2)
  4 giant cockroaches (D:1)
  6 goblins
  4 hobgoblins
  3 jackals (D:1)
  2 bats (D:1)
  A frilled lizard (D:1)
  5 kobolds
  3 rats
31 creatures vanquished.

Notes
Turn   | Place    | Note
-------+----------+-------------------------------------------
     0 | D:1      | Zeld the Octopode Gladiator began the quest for the Orb.
     0 | D:1      | Reached XP level 1. HP: 14/14 MP: 1/1
   120 | D:1      | Reached XP level 2. HP: 17/19 MP: 2/2
   393 | D:1      | Reached skill level 4 in Staves
   404 | D:1      | Reached XP level 3. HP: 22/24 MP: 3/3
   647 | D:2      | Found a radiant altar of Vehumet.
   690 | D:2      | Found a burning altar of Makhleb.
   755 | D:2      | Found an iron altar of Okawaru.
   763 | D:2      | Became a worshipper of Warmaster Okawaru
   848 | D:2      | Noticed an orc warrior
   889 | D:2      | Slain by an adder

Illustrated notes

Levels and vault maps discovered:
D:1:      minmay_arrival_diagonal_passages, layout_rooms
D:2:      layout_loops_cross, lemuel_coloured_pillars_altar,
          overflow_temple_1_default, okawaru_trees_1

Skill      XL: |  1  2 |
---------------+-------+-----
Staves         | 4 |  4.5
Fighting       | |  2.0
Throwing       | |  2.0
Dodging        | |  3.0

Action                   || total
-------------------------++-------
Melee: Quarterstaff      ||    56
       Constrict         ||    13
       Tentacles         ||     7
 Stab: Sleeping          ||     6
Armor: Skin              ||     3
Dodge: Dodged            ||    38
